 Dungeon Crawl Stone Soup version 0.31-a0-702-gf82c85558f (webtiles) character file.

Game seed: 6459033784178335960

14 qw the Shooter (level 2, -4/17 HPs)
             Began as a Gargoyle Hunter on Sept 7, 2023.
             Slain by a gnoll
             ... wielding a +0 club
              (5 damage)
             ... on level 1 of the Dungeon.
             The game lasted 00:00:07 (211 turns).

qw the Shooter (Gargoyle Hunter)                     Turns: 211, Time: 00:00:08

Health: -4/17      AC:  5    Str: 14    XL:     2   Next: 41%
Magic:  2/2        EV: 11    Int:  9    God:
Gold:   0          SH:  0    Dex: 13    Spells: 1/1 levels left

rFire   . . .        a - +0 shortbow
rCold   . . .        (shield currently unavailable)
rNeg    + . .        c - +0 leather armour
rPois   inf          (no helmet)
rElec   +            (no cloak)
rCorr   .            (no gloves)
SInv    .            (no boots)
Will    .....        (no amulet)
Stlth   +            (no ring)
HPRegen 0.22/turn    (no ring)
MPRegen 0.08/turn

%: no passive effects
@: no status effects
A: sickness immunity, AC +2, negative energy resistance 1, electricity
resistance, torment resistance 1, petrification resistance
a: no special abilities


You were on level 1 of the Dungeon.
You visited 1 branch of the dungeon, and saw 1 of its levels.


Innate Abilities, Weirdness & Mutations

You are immune to sickness and miasma.
Your stone body is resilient. (AC +2)
You are immune to poison.
You resist negative energy. (rN+)
You are resistant to electric shocks. (rElec)
You are resistant to unholy torment.
You are immune to petrification.


   Skills:
 - Level 2.1 Fighting
 + Level 4.6 Ranged Weapons
 - Level 1.5 Dodging
 - Level 1.1 Stealth


You had one spell level left.
You didn't know any spells.
Your spell library was empty.

Inventory:

Hand Weapons
 a - a +0 shortbow (weapon)
Armour
 c - a +0 leather armour (worn)
 d - a +2 pair of gloves
Scrolls
 b - a scroll of butterflies

Dungeon Overview and Level Annotations

Branches:
Dungeon (1/15)

Altars:


Message History

You see here a ball python corpse.
Found 7 stones.
A rat comes into view.
You shoot an arrow. The arrow hits the rat.
The rat is heavily wounded.
You shoot an arrow. The arrow barely misses the rat.
You shoot an arrow. The arrow barely misses the rat.
You shoot an arrow. The arrow barely misses the rat.
You shoot an arrow. The arrow hits the rat.
You kill the rat!
An endoplasm comes into view.
You shoot an arrow. The arrow hits the endoplasm!
You kill the endoplasm!
An endoplasm comes into view.
You shoot an arrow. The arrow hits the endoplasm!
You kill the endoplasm!
A gnoll comes into view. It is wielding a +0 club.
The gnoll shouts!
You shoot an arrow.
The arrow hits the gnoll but does no damage.
A gnoll and a rat come into view.
You shoot an arrow. The arrow barely misses the rat.
The arrow hits the gnoll but does no damage.
The rat bites you.
You shoot an arrow. The arrow barely misses the rat.
The rat misses you.
You shoot an arrow. The arrow hits the rat.
You kill the rat!
The gnoll hits you with a +0 club.
You shoot an arrow. The arrow hits the gnoll.
The gnoll is heavily wounded.
The gnoll closely misses you.
You shoot an arrow. The arrow closely misses the gnoll.
The gnoll hits you with a +0 club.
You shoot an arrow. The arrow hits the gnoll.
The gnoll is heavily wounded.
The gnoll hits you with a +0 club. The gnoll hits you but does no damage.
You shoot an arrow. The arrow closely misses the gnoll.
The gnoll hits you with a +0 club.
You die...

#### ############ ...
..##......# ###..
#.##.####.# ....
###.##.####.# #..
#........##.#
.##.#..##.#.##.#.##.#
......g@..#.##.#.##.#
.#####......##......#
#.######.....%.# ...
#.##....## ####
#......(.#
########........#
#.....##........#
#..)..##.#.....## #.#
#.....##.......#


You could see a gnoll.

Vanquished Creatures
  A ball python (D:1)
  3 endoplasms (D:1)
  2 hobgoblins (D:1)
  2 quokkas (D:1)
  4 rats (D:1)
12 creatures vanquished.

Notes
Turn   | Place    | Note
-------+----------+-------------------------------------------
     0 | D:1      | qw the Gargoyle Hunter began the quest for the Orb.
     0 | D:1      | Reached XP level 1. HP: 12/12 MP: 1/1
     0 | D:1      | 0 ||| qw: Version: 0.3-a-76-g4403597
     0 | D:1      | 0 ||| qw: Game counter: 755
     0 | D:1      | 0 ||| qw: Melee chars always use a shield: true
     0 | D:1      | 0 ||| qw: God list: Okawaru
     0 | D:1      | 0 ||| qw: Allow faded altars: false
     0 | D:1      | 0 ||| qw: Do Orc after clearing Dungeon:15 true
     0 | D:1      | 0 ||| qw: Do second Lair branch before Depths: true
     0 | D:1      | 0 ||| qw: Lair rune preference: random
     0 | D:1      | 0 ||| qw: Goals: Normal
     0 | D:1      | 0 ||| PLANNING D:1-11
    89 | D:1      | Reached XP level 2. HP: 17/17 MP: 2/2
    94 | D:1      | HP: 3/17 [quokka (4)]
   209 | D:1      | HP: 4/17 [gnoll/+0 club (6)]
   210 | D:1      | HP: 1/17 [gnoll/+0 club (4)]
   211 | D:1      | Slain by a gnoll

Levels and vault maps discovered:
D:1:      minmay_arrival_radiant_lines, layout_loops_cross

Action                     || total
---------------------------++-------
   Fire: Shortbow          ||    38
 Armour: Leather armour    ||    14
  Dodge: Dodged            ||    10

Table legend:
 A = Non-vault XP
 B = Vault XP
 C = Vault XP percentage of total XP
 D = Non-vault monster count
 E = Vault monster count
 F = Vault count percentage of total count
                 A         B        C        D         E       F
            +---------+---------+-------+---------+---------+-------
      Total |      20 |       0 |   0.0 |      12 |       0 |   0.0
            +---------+---------+-------+---------+---------+-------
        D:1 |      20 |       0 |   0.0 |      12 |       0 |   0.0
            +---------+---------+-------+---------+---------+-------
